 Dungeon Crawl Stone Soup version 0.28.0-53-g5a82cb258f (webtiles) character file.

Game seed: 8999079663845956069

651 dranuc9 the Conjurer (level 7, -9/36 HPs)
             Began as a Deep Elf Conjurer on July 16, 2022.
             Mangled by Duvessa
             ... wielding a +0 short sword
              (18 damage)
             ... on level 4 of the Dungeon.
             The game lasted 00:27:16 (6101 turns).

dranuc9 the Conjurer (Deep Elf Conjurer)            Turns: 6101, Time: 00:27:17

Health: -9/36      AC:  2    Str:  4    XL:     7   Next: 28%
Magic:  5/18       EV: 12    Int: 25    God:
Gold:   166        SH:  0    Dex: 13    Spells: 10/18 levels left

rFire   . . .      SeeInvis +   b - +4 dagger (elec)
rCold   . . .      Faith    .   (no shield)
rNeg    . . .      Spirit   .   a - +0 robe
rPois   +          Reflect  .   (no helmet)
rElec   .          Harm     .   (no cloak)
rCorr   .          Rampage  .   (no gloves)
Will    .....                   (no boots)
Stlth   ++........              (no amulet)
HPRegen 0.12/turn               k - ring of poison resistance
MPRegen 0.16/turn               o - ring of see invisible

@: no status effects
A: no striking features
a: no special abilities


You were on level 4 of the Dungeon.
You visited 1 branch of the dungeon, and saw 4 of its levels.

You collected 166 gold pieces.

Inventory:

Hand Weapons
 b - a +4 dagger of electrocution (weapon)
 p - a +2 dagger of freezing
Missiles
 d - 5 poisoned darts (quivered)
 l - a throwing net
 t - 5 curare-tipped darts
Armour
 a - a +0 robe (worn)
Jewellery
 k - a ring of poison resistance (left hand)
 o - a ring of see invisible (right hand)
Scrolls
 c - 2 scrolls of vulnerability {unknown}
 e - 3 scrolls of amnesia {unknown}
 f - a scroll of teleportation {unknown}
 h - a scroll of torment {unknown}
 i - 3 scrolls of identify {unknown}
 j - a scroll of holy word {unknown}
 m - a scroll of immolation {unknown}
 q - a scroll of blinking {unknown}
 r - a scroll of brand weapon {unknown}
Potions
 g - 3 potions of brilliance {unknown}
 n - 3 potions of ambrosia {unknown}
 s - a potion of resistance {unknown}


   Skills:
 + Level 0.2 Fighting
 + Level 0.5 Short Blades
 + Level 0.7 Throwing
 - Level 2.4 Dodging
 + Level 3.8 Stealth
 + Level 6.1 Spellcasting
 * Level 7.9 Conjurations
 + Level 1.5 Hexes
 + Level 0.2 Necromancy


You had 10 spell levels left.
You knew the following spells:

 Your Spells              Type           Power      Damage    Failure   Level
a - Magic Dart            Conj           100%       1d8       1%          1
b - Searing Ray           Conj           94%        2d7       1%          2
c - Fulminant Prism       Conj/Hex       15%        3d11      11%         4
d - Animate Skeleton      Necr           16%        N/A       7%          1

Your spell library contained the following spells:

 Spells                   Type           Power      Damage    Failure   Level
 Static Discharge         Conj/Air       27%        N/A       2%          2
 Dazzling Flash           Conj/Hex       62%        N/A       3%          3
 Pain                     Necr           32%        1d5       7%          1
 Freeze                   Ice            28%        1d5       8%          1
 Hailstorm                Conj/Ice       27%        3d7       14%         4
 Iskenderun's Mystic Bla  Conj/Tloc      27%        2d7       14%         4
 Vampiric Draining        Necr           8%         2d6       21%         3
 Frozen Ramparts          Ice            14%        1d3       22%         3
 Gell's Gravitas          Tloc           7%         N/A       22%         3
 Teleport Other           Tloc           7%         N/A       22%         3
 Lightning Bolt           Conj/Air       13%        1d27      38%         5
 Dispersal                Tloc           3%         N/A       100%        6
 Maxwell's Capacitive Co  Air            3%         ∞         100%        8


Dungeon Overview and Level Annotations

Branches:
Dungeon (4/15)
 Temple: D:4-7

Altars:

Shops:
D:1 (

Annotations:
D:4 4 runed translucent doors, 0gre's ghost, amateur GnIE; Crazy Yiuf; Duvessa


Message History

The spell is quite dangerous to miscast (11% risk of failure)!
Continue anyway?
Aiming: Fulminant Prism (quite dangerous; 11% risk of failure)
Press: ? - help, Dir - move target You conjure a prism of explosive energy!
A fulminant prism comes into view.
Duvessa hits your fulminant prism with a +0 short sword!
Duvessa hits your fulminant prism with a +0 short sword!
Your fulminant prism detonates feebly.
Casting: Fulminant Prism (quite dangerous; 11% risk of failure)
Confirm with . or Enter, or press ? or * to list all spells.
You don't know that spell.
Unknown command.
Casting: Fulminant Prism (quite dangerous; 11% risk of failure)
Confirm with . or Enter, or press ? or * to list all spells.
You don't know that spell.
Casting: Fulminant Prism (quite dangerous; 11% risk of failure)
Confirm with . or Enter, or press ? or * to list all spells.
The spell is quite dangerous to miscast (11% risk of failure)!
Continue anyway?
Aiming: Fulminant Prism (quite dangerous; 11% risk of failure)
Press: ? - help, Dir - move target You conjure a prism of explosive energy!
A fulminant prism comes into view.
Duvessa hits you with a +0 short sword! Duvessa barely misses you.
Your fulminant prism crackles loudly.
Your fulminant prism explodes!
The blast of energy engulfs Duvessa!
Duvessa is moderately wounded.
There is a stone staircase leading down here.
You can't go up here!
Duvessa hits you with a +0 short sword!!
Ouch! That really hurt!
* * * LOW HITPOINT WARNING * * *
Duvessa rages.
Duvessa closely misses you. Duvessa barely misses you.
There is a stone staircase leading up here.
Duvessa hits you with a +0 short sword!!
Ouch! That really hurt!
You die...

............#.#.# #..
##......#.......# #.#
###...#####....<..# #.#
...........###...####.#
#.........# #...e....# #
#.#.#.##.###......e..
#.###......#......(.....#
#..(..)>.....##.#..##.###
#....@.......#..##.###
#.####.#..e....####........
#.........).........##..##.
######.#.#..#.########.##
#.#.#..#.# #.# #.#>#....#
#####.##
#e#.#....####.##...##.
#######.#.........÷.........
#.............##############


You could see Duvessa (berserk).

Vanquished Creatures
  Grinder (D:3)
  An ogre (D:4)
  2 scorpions (D:4)
  Dowan (D:4)
  2 hounds (D:4)
  A gnoll (D:4)
  4 adders
  3 dart slugs
  6 orcs
  3 ball pythons
  6 endoplasms
  4 giant cockroaches (D:2)
  4 goblins
  5 hobgoblins
  8 jackals
  11 kobolds
  4 quokkas
  7 bats
  10 frilled lizards
  3 rats
86 creatures vanquished.

Vanquished Creatures (others)
  7 fulminant prisms (D:4)
7 creatures vanquished.

Grand Total: 93 creatures vanquished

Notes
Turn   | Place    | Note
-------+----------+-------------------------------------------
     0 | D:1      | dranuc9 the Deep Elf Conjurer began the quest for the Orb.
     0 | D:1      | Reached XP level 1. HP: 10/10 MP: 6/6
    83 | D:1      | Found Xis Qeon's Antique Weapon Shop.
   280 | D:1      | Reached XP level 2. HP: 15/15 MP: 5/8
   446 | D:1      | Reached skill level 5 in Conjurations
   459 | D:1      | Learned a level 2 spell: Searing Ray
   951 | D:1      | Found a faded altar of an unknown god.
  1481 | D:2      | Reached XP level 3. HP: 19/19 MP: 7/9
  2898 | D:3      | Reached XP level 4. HP: 24/24 MP: 6/12
  3628 | D:3      | Noticed Grinder
  4531 | D:3      | Paralysed by Grinder for 5 turns
  4545 | D:3      | Killed Grinder
  4546 | D:3      | Reached skill level 5 in Spellcasting
  4546 | D:3      | Reached skill level 6 in Conjurations
  4546 | D:3      | Reached XP level 5. HP: 10/28 MP: 1/14
  4546 | D:3      | Reached XP level 6. HP: 11/32 MP: 1/16
  4953 | D:4      | Reached skill level 7 in Conjurations
  5250 | D:4      | Found a runed translucent door.
  5251 | D:4      | Noticed Crazy Yiuf
  5412 | D:4      | Found a runed translucent gate.
  5413 | D:4      | Found a runed translucent gate.
  5414 | D:4      | Found a runed translucent gate.
  5415 | D:4      | Noticed 0gre's ghost (amateur GnIE)
  5658 | D:4      | Noticed Dowan
  5658 | D:4      | Noticed Duvessa
  5682 | D:3      | Learned a level 4 spell: Fulminant Prism
  5684 | D:3      | Learned a level 1 spell: Animate Skeleton
  5844 | D:4      | Reached XP level 7. HP: 36/36 MP: 5/17
  5847 | D:4      | Reached skill level 1 in Hexes
  6083 | D:4      | Killed Dowan
  6101 | D:4      | Mangled by Duvessa

Illustrated notes

Levels and vault maps discovered:
D:1:      evilmike_arrival_plus, layout_basic, basic_ecumenical_altar,
          serial_shops, nicolae_shop_crystal, minmay_lizard_pond
D:2:      layout_basic, serial_rivers, chequers_serial_rivers_large_a,
          chequers_serial_rivers_room_a, chequers_serial_rivers_large_b,
          chequers_serial_rivers_small_3, chequers_serial_rivers_small_a
D:3:      layout_basic, corner_web_ring, minmay_misc_feat_plants, uniq_grinder
D:4:      layout_loops_ring, gammafunk_ghost_necromancy, minmay_misc_feat_x,
          cheibrodos_gnoll_hut, uniq_crazy_yiuf_cottage, uniq_duvessa

Skill      XL: |  1  2  3  4  5  6  7 |
---------------+----------------------+-----
Conjurations   | 5 6 7 |  7.9
Spellcasting   | 4 5 6 |  6.1
Stealth        | 3 |  3.8
Hexes          | 1 |  1.5
Fighting       | |  0.2
Short Blades   | |  0.5
Throwing       | |  0.7
Dodging        | |  2.4
Necromancy     | |  0.2

Action                   |  1- 3 |  4- 6 |  7- 9 || total
-------------------------+-------+-------+-------++-------
Melee: Dagger            |     3 |     7 |       ||    10
       Punch             |       |     1 |       ||     1
Throw: Dart              |     2 |     5 |       ||     7
 Cast: Magic Dart        |    86 |    48 |       ||   134
       Searing Ray       |     3 |    17 |     2 ||    22
       Fulminant Prism   |       |     3 |     4 ||     7
       Animate Skeleton  |       |     1 |     2 ||     3
Armor: Robe              |     1 |     3 |     1 ||     5
Dodge: Dodged            |     5 |    12 |     4 ||    21
